 Dungeon Crawl Stone Soup version 0.25.1-2-g60ff931df9 (webtiles) character file.

Game seed: 7759403457828220558

5664 soggyman666 the Cleaver (level 10, -1/88 HPs)
             Began as a Minotaur Fighter on Nov 6, 2020.
             Was a Believer of Okawaru.
             Slain by a troll (10 damage)
             ... on level 9 of the Dungeon.
             The game lasted 00:32:36 (9651 turns).

soggyman666 the Cleaver (Minotaur Fighter)          Turns: 9651, Time: 00:32:37

Health: -1/88      AC: 11    Str: 24    XL:     10   Next: 47%
Magic:  10/10      EV:  8    Int:  5    God:    Okawaru [**....]
Gold:   437        SH: 17    Dex: 10    Spells: 9/9 levels left

rFire    + . .     SeeInvis .   r - +0 hand axe (freeze)
rCold    x . .     Gourm    .   c - +0 kite shield
rNeg     . . .     Faith    .   g - +0 chain mail
rPois    .         Spirit   .   (helmet restricted)
rElec    .         Reflect  +   (no cloak)
rCorr    .         Harm     .   (no gloves)
MR       .....                  (no boots)
Stlth    ..........             y - amulet of reflection
HPRegen  0.24/turn              v - ring of flight
MPRegen  0.12/turn              A - ring of fire

@: very slow
A: retaliatory headbutt, horns 2
a: Heroism, Renounce Religion, Evoke Flight


You were on level 9 of the Dungeon.
You worshipped Okawaru.
Okawaru was pleased with you.
You were hungry.

You visited 2 branches of the dungeon, and saw 10 of its levels.
You also visited: Sewer.

You collected 437 gold pieces.

Inventory:

Hand Weapons
 a - a +0 war axe
 p - the +1 hand axe of Dunit {venom, rPois Stlth+}
   (You found it on level 4 of the Dungeon)

   It poisons the flesh of those it strikes.
   It protects you from poison.
   It makes you more stealthy.
 r - a +0 hand axe of freezing (weapon)
Armour
 c - a +0 kite shield (worn)
 g - a +0 chain mail (worn)
Jewellery
 q - an uncursed amulet of the acrobat
 v - a ring of flight (left hand)
 y - an amulet of reflection (around neck)
 A - a ring of fire (right hand)
Wands
 C - a wand of digging (5)
 F - a wand of flame (26)
 H - a wand of iceblast (14)
Scrolls
 b - a scroll of vulnerability {unknown}
 h - 5 scrolls of teleportation
 k - 2 scrolls of remove curse
 o - 3 scrolls of amnesia
 s - 2 scrolls of enchant armour
 t - 3 scrolls of magic mapping
 u - 3 scrolls of enchant weapon
 w - 3 scrolls of fear
 x - a scroll of fog
 G - 2 scrolls of noise {unknown}
Potions
 d - a potion of might
 e - 5 potions of heal wounds
 i - 3 potions of stabbing
 j - 12 potions of curing
 l - 3 potions of flight
 m - a potion of berserk rage
 n - a potion of ambrosia
 B - a potion of haste
 D - a potion of brilliance
Comestibles
 f - 19 rations


   Skills:
 + Level 7.7 Fighting
 + Level 11.7 Axes
 + Level 8.8 Armour
 + Level 3.3 Dodging
 + Level 9.6 Shields
 * Level 2.4 Evocations


You had 9 spell levels left.
You didn't know any spells.
Your spell library contained the following spells:

 Spells                   Type           Power        Failure   Level  Hunger
 Beastly Appendage        Tmut           #.....       99%         1    ##.....
 Sting                    Tmut/Pois      #...         99%         1    ##.....
 Poisonous Vapours        Pois/Air       #.....       100%        2    ###....
 Sticks to Snakes         Tmut           #.......     100%        2    ###....
 Ignite Poison            Fire/Tmut/Pois #.......     100%        3    ####...
 Mephitic Cloud           Conj/Pois/Air  #.......     100%        3    ####...
 Spider Form              Tmut/Pois      #.........   100%        3    ####...
 Ice Form                 Ice/Tmut       #.......     100%        4    #####..
 Olgreb's Toxic Radiance  Pois           #.......     100%        4    #####..
 Blade Hands              Tmut           #.........   100%        5    ######.


Dungeon Overview and Level Annotations

Branches:
Dungeon (9/15)             Temple (1/1) D:7           Sewer (visited)
   Lair: D:8-11         Orc: D:9-12

Altars:
Ashenzari
Cheibriados
Dithmenos
Elyvilon
Fedhas
Gozag
Hepliaklqana
Kikubaaqudgha
Makhleb
Nemelex Xobeh
Okawaru
Qazlal
Ru
Sif Muna
Uskayaw
Vehumet
Xom
Yredelemnul
Zin
The Shining One

Shops:
D:6 }   D:7 %


Innate Abilities, Weirdness & Mutations

You reflexively headbutt those who attack you in melee.
You have a pair of horns on your head.


Message History

The bolt of electricity hits you!
* * * LOW HITPOINT WARNING * * *
You barely miss the electric eel.
The electric eel is almost dead.
Your unstable footing causes you to fumble your attack.
The electric eel shoots out a bolt of lightning at you!
The bolt of electricity hits you.
* * * LOW HITPOINT WARNING * * *
You miss the electric eel.
The electric eel is almost dead.
You closely miss the electric eel.
The electric eel is almost dead.
You hit the troll. You freeze the troll. The troll bites you!
* * * LOW HITPOINT WARNING * * *
You block the troll's attack. The troll claws you but does no damage.
You hit the electric eel. You freeze the electric eel.
You kill the electric eel!
Okawaru accepts your kill.
You hit the troll but do no damage. The troll bites you!
You die...

..# .. .. .. ...
... .. .. .# ...
...###.#[####.. ..
............... #
...≈≈≈≈≈.≈≈≈≈..#
#..≈≈≈≈≈.≈≈≈≈..#
#.≈≈≈≈≈.≈≈≈≈..#
#.≈≈≈T@.≈≈≈≈..#
#.......≈≈≈≈.#
##.≈≈≈≈.......#
#..≈≈≈≈.≈≈≈≈≈.#
...≈≈≈≈.≈≈≈≈≈.#
...≈≈≈≈.≈≈≈≈≈.#
...≈≈≈≈.≈≈÷≈≈.#
##...[........#
###########.#######


You could see a troll.

Vanquished Creatures
  Pikel (D:5)
  Grinder (D:3)
  Sigmund (D:2)
  4 wraiths (D:8)
  A wyvern (D:9)
  A hungry ghost (D:8)
  Edmund (D:5)
  4 slaves (D:5)
  3 sky beasts
  2 orc warriors (D:7)
  An ice beast (D:8)
  A hornet zombie (D:7)
  A phantom (D:6)
  A necrophage (D:8)
  5 centaurs
  5 ogres
  3 big kobolds
  4 bullfrogs
  A gnoll sergeant (D:9)
  A scorpion (D:5)
  4 killer bees (D:9)
  2 howler monkeys (D:5)
  2 electric eels (D:9)
  A centaur zombie (D:8)
  4 crimson imps
  3 bullfrog zombies
  2 hounds
  4 jellies
  Crazy Yiuf (D:5)
  2 orc priests (D:3)
  Terence (D:2)
  An iguana (D:5)
  5 orc wizards
  A worker ant (D:9)
  Natasha (thrice) (D:2)
  A hound zombie (D:8)
  A hound skeleton (D:8)
  A worker ant zombie (D:8)
  Robin (D:3)
  6 gnolls
  18 adders
  7 river rats (Sewer)
  7 oozes
  2 adder skeletons
  2 worms
  4 dart slugs
  2 leopard geckos
  32 orcs
  4 ball pythons
  7 giant cockroaches
  17 goblins
  12 hobgoblins
  4 jackals (D:1)
  26 kobolds
  4 quokkas
  8 bats
  8 frilled lizards
  A giant cockroach zombie (D:5)
  A jackal skeleton (D:4)
  A leopard gecko zombie (D:5)
  25 rats
280 creatures vanquished.

Vanquished Creatures (others)
  An adder (D:9)
1 creature vanquished.

Grand Total: 281 creatures vanquished

Notes
Turn   | Place    | Note
-------+----------+-------------------------------------------
     0 | D:1      | soggyman666 the Minotaur Fighter began the quest for the
                  | Orb.
     0 | D:1      | Reached XP level 1. HP: 19/19 MP: 0/0
    47 | D:1      | Reached XP level 2. HP: 12/27 MP: 1/1
   498 | D:1      | Reached XP level 3. HP: 33/33 MP: 2/2
   683 | D:1      | Reached skill level 3 in Axes
  1113 | D:2      | Noticed Natasha
  1117 | D:2      | Killed Natasha
  1117 | D:2      | Reached XP level 4. HP: 32/40 MP: 3/3
  1216 | D:2      | Noticed Terence
  1229 | D:2      | Killed Terence
  1342 | D:2      | Noticed Natasha
  1347 | D:2      | Killed Natasha
  1347 | D:2      | Reached skill level 4 in Axes
  1347 | D:2      | Reached skill level 1 in Dodging
  1398 | D:2      | Found a shadowy altar of Dithmenos.
  1420 | D:2      | Reached XP level 5. HP: 45/46 MP: 4/4
  1468 | D:2      | Found an opulent altar of Gozag.
  1644 | D:2      | Found a faded altar of an unknown god.
  1644 | D:2      | Noticed Sigmund
  1654 | D:2      | Killed Sigmund
  1654 | D:2      | Reached skill level 5 in Axes
  1654 | D:2      | Reached skill level 5 in Armour
  1654 | D:2      | Reached XP level 6. HP: 24/53 MP: 5/5
  1660 | D:2      | Reached skill level 5 in Shields
  1876 | D:2      | Noticed Natasha
  1881 | D:2      | Killed Natasha
  1987 | D:3      | Noticed Grinder
  1992 | D:3      | Paralysed by Grinder for 2 turns
  2406 | D:3      | Paralysed by Grinder for 3 turns
  2409 | D:3      | Killed Grinder
  2409 | D:3      | Reached skill level 6 in Axes
  2409 | D:3      | Reached XP level 7. HP: 20/60 MP: 6/6
  2414 | D:3      | HP: 3/60 [centaur (3)]
  2416 | D:3      | Reached skill level 5 in Fighting
  2770 | D:3      | Found a basalt altar of Yredelemnul.
  3131 | D:3      | Noticed Robin
  3155 | D:3      | Killed Robin
  3340 | D:4      | Found a glowing drain.
  3390 | D:4      | Reached skill level 7 in Axes
  3514 | Sewer    | Entered a sewer
  3877 | Sewer    | Reached XP level 8. HP: 67/69 MP: 7/7
  4344 | D:5      | Entered Level 5 of the Dungeon
  4449 | D:5      | Reached skill level 8 in Axes
  4503 | D:4      | Found a shattered altar of Ashenzari.
  4503 | D:4      | Found an ancient bone altar of Kikubaaqudgha.
  4621 | D:4      | Got an ancient hand axe
  4622 | D:4      | Identified the cursed +1 hand axe of Dunit {venom, rPois
                  | Stlth+} (You found it on level 4 of the Dungeon)
  5167 | D:5      | Reached skill level 9 in Axes
  5173 | D:5      | Noticed Pikel
  5189 | D:5      | Killed Pikel
  5189 | D:5      | Reached XP level 9. HP: 42/78 MP: 8/8
  5219 | D:5      | Reached skill level 10 in Axes
  5602 | D:5      | Found a runed translucent door.
  5603 | D:5      | Noticed Crazy Yiuf
  5685 | D:5      | Noticed Edmund
  5701 | D:5      | Killed Edmund
  6077 | D:5      | Killed Crazy Yiuf
  6218 | D:6      | Found Zomerergh's Gadget Boutique.
  6429 | D:6      | Found a stormy altar of Qazlal.
  6847 | D:7      | Found a staircase to the Ecumenical Temple.
  6913 | Temple   | Entered the Ecumenical Temple
  7162 | Temple   | Became a worshipper of Warmaster Okawaru
  7373 | D:7      | Found a sacrificial altar of Ru.
  7491 | D:7      | Reached skill level 11 in Axes
  7699 | D:7      | Found Emamor's Food Boutique.
  8370 | D:8      | Reached XP level 10. HP: 86/86 MP: 9/9
  8485 | D:8      | Reached * piety under Okawaru
  8493 | D:8      | Reached skill level 1 in Evocations
  8664 | D:8      | Found the +5 scythe "Finisher" {speed, eviscerate}
  8818 | D:8      | Found a glowing silver altar of Zin.
  8819 | D:8      | Found a glowing golden altar of the Shining One.
  8820 | D:8      | Found a white marble altar of Elyvilon.
  9198 | D:9      | Found a hazy altar of Hepliaklqana.
  9382 | D:9      | Reached ** piety under Okawaru
  9651 | D:9      | Slain by a troll

Illustrated notes

Levels and vault maps discovered:
D:1:      dpeg_arrival_fog, layout_basic, st_stairs_11, nrook_mini_vaults
D:2:      layout_rooms, nicolae_dithmenos_shadow_blocks,
          nicolae_gozag_seed_capital, chequers_ecumenical_altar_simple,
          minmay_misc_feat_rugged, uniq_terence, uniq_natasha, uniq_sigmund
D:3:      layout_loops_cross, yredelemnul_altar_generic,
          kennysheep_generic_room_3, uniq_robin, uniq_grinder
D:4:      minmay_spotlight, layout_basic, nicolae_overflow_hidden_temple,
          gup_sewer_entry_glass, minmay_cut_off
D:5:      lemuel_upstairs_altar, layout_basic, first_ration, uniq_blork_the_orc,
          uniq_edmund, uniq_crazy_yiuf_cottage, uniq_pikel
D:6:      layout_loops_ring, serial_shops, nicolae_shop_waterfront, basic_altar
D:7:      layout_basic, lemuel_coloured_pillars_altar,
          minmay_temple_entry_drinking_statues, serial_shops, shop
D:8:      layout_basic, good_gods_temple_1, chequers_serial_rivers_micro_e,
          hangedman_little_slice_of_home, mrwooster_statue_mirror,
          minmay_guarded_unrand_finisher
D:9:      minmay_chambers_of_sevens, layout_rooms, overflow_temple_1_default,
          minivault_14, nemelex_dance_club_becter
Temple:   nicolae_temple_figure_zero

Skill      XL: |  1  2  3  4  5  6  7  8  9 10 |
---------------+-------------------------------+-----
Armour         | 4 5 6 7 8 |  8.8
Fighting       | 4 5 6 7 |  7.7
Shields        | 4 5 6 7 8 9 |  9.6
Axes           | 3 4 5 6 7 9 11 | 11.7
Dodging        | 1 2 3 |  3.3
Evocations     | 2 |  2.4

Action                   |  1- 3 |  4- 6 |  7- 9 | 10-12 || total
-------------------------+-------+-------+-------+-------++-------
Melee: War axe           |    86 |    60 |   194 |       ||   340
       Headbutt          |     6 |     9 |    97 |    26 ||   138
       Hand axe          |       |       |   258 |   135 ||   393
  Use: Scroll            |     1 |     4 |    21 |     1 ||    27
       Potion            |       |     2 |     1 |       ||     3
  Eat: Chunk             |       |     4 |    21 |     4 ||    29
Armor: Scale mail        |    51 |       |       |       ||    51
       Chain mail        |       |    36 |   176 |    34 ||   246
Dodge: Dodged            |    35 |    16 |   107 |    27 ||   185
Block: Kite shield       |    62 |    29 |   240 |   112 ||   443
       Reflection        |       |       |     1 |     2 ||     3
